 Seeded DCSS version 0.28.0-62-gf88900778d (webtiles) character file.

Game seed: 12757030505027631388 (custom seed)

463 cbfl8 the Chopper (level 6, -5/56 HPs)
             Began as a Minotaur Berserker on Mar 27, 2024.
             Was a Priest of Trog.
             Slain by a gnoll sergeant
             ... wielding a +1 spear of freezing
              (6 damage)
             ... on level 5 of the Dungeon on Mar 28, 2024.
             The game lasted 00:06:29 (3790 turns).

cbfl8 the Chopper (Minotaur Berserker)              Turns: 3790, Time: 00:06:30

Health: -5/56      AC: 14    Str: 33    XL:     6   Next: 79%
Magic:  5/5        EV:  8    Int:  4    God:    Trog [***...]
Gold:   159        SH:  0    Dex: 12    Spells: 5/5 levels left

rFire   + . .      SeeInvis .   a - +1 hand axe
rCold   + . .      Faith    .   (no shield)
rNeg    . . .      Spirit   .   l - +0 plate armour
rPois   .          Reflect  .   (helmet restricted)
rElec   .          Harm     .   r - +0 cloak
rCorr   .          Rampage  .   s - +0 pair of gloves
Will    .....                   (no boots)
Stlth   ..........              (no amulet)
HPRegen 0.18/turn               c - +6 ring of strength
MPRegen 0.09/turn               m - ring of Meymut {rF+ rC+ Str+6}

@: lit by a corona, attractive, glowing
A: horns 2, retaliatory headbutt
a: Renounce Religion, Berserk, Trog's Hand


You were on level 5 of the Dungeon.
You worshipped Trog.
Trog was most pleased with you.
You visited 1 branch of the dungeon, and saw 5 of its levels.

You collected 159 gold pieces.

Inventory:

Hand Weapons
 a - a +1 hand axe (weapon)
Armour
 l - a +0 plate armour (worn)
 r - a +0 cloak (worn)
 s - a +0 pair of gloves (worn)
Jewellery
 c - a +6 ring of strength (left hand)
 m - the ring of Meymut (right hand) {rF+ rC+ Str+6}
   (You found it on level 3 of the Dungeon)

   [ring of strength]

   Str:       It affects your strength (+6).
   rF:        It protects you from fire.
   rC:        It protects you from cold.
Scrolls
 d - a scroll of immolation
 f - a scroll of identify
 g - a scroll of noise
 h - a scroll of magic mapping
 i - a scroll of teleportation {unknown}
 j - a scroll of fog {unknown}
Potions
 e - 2 potions of flight


   Skills:
 + Level 5.2 Fighting
 + Level 6.4 Axes
 + Level 4.0 Armour
 - Level 2.1 Dodging
 * Level 2.4 Shields
 * Level 2.3 Evocations


You had 5 spell levels left.
You didn't know any spells.
Your spell library was empty.

Dungeon Overview and Level Annotations

Branches:
Dungeon (5/15)
 Temple: D:4-7

Altars:
Wu Jian
The Shining One

Shops:
D:1 [

Annotations:
D:4 Pikel


Innate Abilities, Weirdness & Mutations

You have a pair of horns on your head.
You reflexively headbutt those who attack you in melee.


Message History

Okay, then.
Okay, then.
You hit the gnoll.
The gnoll is moderately wounded.
You barely miss the hound. You barely miss the gnoll.
The hound barely misses you. The gnoll barely misses you.
The hound bites you but does no damage. The gnoll hits you but does no damage.
Unknown command.
Unknown command.
You hit the gnoll.
The gnoll is heavily wounded.
You closely miss the gnoll. You hit the hound but do no damage.
The hound bites you.
* * * LOW HITPOINT WARNING * * *
The gnoll hits you with a +0 flail.
* * * LOW HITPOINT WARNING * * *
A gnoll comes into view. It is wielding a +0 spear.
The gnoll hits you with a +0 club.
* * * LOW HITPOINT WARNING * * *
The gnoll is attracted toward you.
Okay, then.
As you read the scroll labelled TUEXEY NEAFUZE, it crumbles to dust.
You assume a fearsome visage.
The hound looks frightened!
The gnoll looks frightened! x3; It was a scroll of fear.
A gnoll sergeant comes into view. It is wielding a +1 spear of freezing.
The gnoll is attracted toward you. x2; The hound is attracted toward you.
The gnoll is attracted toward you.
The gnoll sergeant is attracted toward you.
As you read the scroll labelled KUMUGI KICYUH, it crumbles to dust.
It is a scroll of amnesia.
You feel forgetful for a moment.
The gnoll sergeant shouts!
The gnoll sergeant is attracted toward you.
The gnoll is attracted toward you. The hound is attracted toward you.
The gnoll is attracted toward you.
As you read the scroll labelled CIMOPS XACENUNG, it crumbles to dust.
It is a scroll of enchant weapon.
Your +0 hand axe glows red for a moment.
The gnoll sergeant hits you with a +1 spear of freezing.
You die...

....# ##.....#
.....##......
#.......... .
.##........##.#
§......§......#
.......h.[.....
...?.§†........
....g.g@.g.#
..........##
.......g###
#...##.§. #..
##.. #. #..§ #
.... .....


You could see a gnoll sergeant, a hound (fleeing) and 3 gnolls.

Vanquished Creatures
  Menkaure (D:4)
  A black bear (D:3)
  2 lemures
  A scorpion (D:5)
  A hound (D:5)
  A gnoll shaman (D:5)
  4 adders
  A worm (D:2)
  3 dart slugs
  6 orcs
  9 endoplasms
  4 giant cockroaches
  5 goblins
  6 hobgoblins
  5 jackals
  7 kobolds
  4 quokkas
  13 ball pythons
  10 bats
  A frilled lizard (D:2)
  6 rats
91 creatures vanquished.

Notes
Turn   | Place    | Note
-------+----------+-------------------------------------------
     0 | D:1      | cbfl8 the Minotaur Berserker began the quest for the Orb.
     0 | D:1      | Reached XP level 1. HP: 19/19 MP: 0/0
    79 | D:1      | Found a faded altar of an unknown god.
   381 | D:1      | Reached XP level 2. HP: 25/27 MP: 1/1
   413 | D:1      | Reached skill level 4 in Axes
   600 | D:1      | Found Ladeuqyrr's Armour Shoppe.
   887 | D:1      | Reached ** piety under Trog
   952 | D:1      | Reached XP level 3. HP: 33/33 MP: 2/2
  1805 | D:2      | Reached skill level 1 in Evocations
  1875 | D:2      | Reached XP level 4. HP: 41/41 MP: 3/3
  2470 | D:3      | Identified the ring of Meymut {rF+ rC+ Str+6}
  2487 | D:3      | Reached skill level 5 in Axes
  2817 | D:3      | Reached *** piety under Trog
  2821 | D:3      | Noticed a black bear
  2835 | D:3      | Killed a black bear
  2836 | D:3      | Reached skill level 1 in Shields
  2836 | D:3      | Reached XP level 5. HP: 22/47 MP: 4/4
  3289 | D:4      | Noticed Menkaure
  3296 | D:4      | Killed Menkaure
  3297 | D:4      | Reached skill level 5 in Fighting
  3297 | D:4      | Reached skill level 6 in Axes
  3297 | D:4      | Reached XP level 6. HP: 33/56 MP: 5/5
  3434 | D:4      | Found an ornate altar of the Wu Jian Council.
  3440 | D:4      | Noticed Pikel
  3704 | D:4      | Found a glowing golden altar of the Shining One.
  3762 | D:5      | Entered Level 5 of the Dungeon
  3787 | D:5      | HP: 1/56 [gnoll/+0 club (5)]
  3790 | D:5      | Slain by a gnoll sergeant

Illustrated notes

Levels and vault maps discovered:
D:1:      sevenhm_arrival_forest_fort_small_5, layout_loops_ring, serial_shops,
          nicolae_shop_stone, ebering_ecumenical_altar_rust
D:2:      layout_rooms, minmay_misc_feat_pillars, minmay_tetromino_s4
D:3:      kennysheep_big_flooded_room, layout_loops_ring, nrook_loot_triangle
D:4:      layout_basic, mainiacjoe_overflow_chevrons, lemuel_tele_altar,
          minmay_hollow_rounded_squares, uniq_menkaure, uniq_pikel
D:5:      layout_cave_pools, kennysheep_slug_shrine, serial_gnoll_camp,
          gnoll_camp_huts_basic, gnoll_camp_mini_basic, gnoll_camp_mini_house,
          gnoll_camp_medium_02, sigmund_edmund_badplayer, uniq_prince_ribbit1

Skill      XL: |  1  2  3  4  5  6 |
---------------+-------------------+-----
Axes           | 4 5 6 |  6.4
Fighting       | 4 5 |  5.2
Evocations     | 1 2 |  2.3
Armour         | 3 4 |  4.0
Shields        | 1 2 |  2.4
Dodging        | |  2.1

Action                   |  1- 3 |  4- 6 || total
-------------------------+-------+-------++-------
Melee: Hand axe          |    84 |   129 ||   213
       Headbutt          |    14 |    20 ||    34
       Punch             |     1 |     2 ||     3
  Use: Scroll            |     3 |     4 ||     7
       Potion            |       |     5 ||     5
 Stab: Sleeping          |     3 |       ||     3
Armor: Animal skin       |    18 |       ||    18
       Plate armour      |       |   103 ||   103
Dodge: Dodged            |    63 |    56 ||   119
